 Dungeon Crawl Stone Soup version 0.13-a0-2682-gb26bf1a (webtiles) character file.

226 M4edhros the Charlatan (level 4, -10/29 HPs)
             Began as an Octopode Artificer on Aug 14, 2013.
             Mangled by Duvessa
             ... wielding a cursed +1,+0 elven sabre
              (12 damage)
             ... on Level 4 of the Dungeon.
             The game lasted 00:01:56 (1507 turns).

M4edhros the Charlatan (Octopode Artificer)         Turns: 1507, Time: 00:01:56

HP -10/29        AC  1     Str 10      XL: 4   Next: 57%
MP   8/8         EV 12     Int 15      God:
Gold 135         SH  0     Dex 12      Spells:  0 memorised,  3 levels left

Res.Fire  : . . .   See Invis. : .   a - +0 short sword
Res.Cold  : . . .   Warding    : .   (no shield)
Life Prot.: . . .   Conserve   : .   (helmet restricted)
Res.Poison: .       Res.Corr.  : .   (no amulet)
Res.Elec. : .       Clarity    : .   (no ring)
Sust.Abil.: . .     Spirit.Shd : .   (no ring)
Res.Mut.  : .       Stasis     : .   (no ring)
Res.Rott. : .       Flight     : .   (no ring)
Saprovore : . . .                    (no ring)
                                     (no ring)
                                     (no ring)
                                     (no ring)

@: invisible, very slightly contaminated, slightly resistant to hostile
enchantments, stealthy
A: almost no armour, amphibious, 8 rings, constrict 8, camouflage 1, AC +1
a: no special abilities


You were on level 4 of the Dungeon.
You were near starving.

You visited 1 branch of the dungeon, and saw 4 of its levels.

You collected 115 gold pieces.

Inventory:

Hand weapons
 a - a +0,+0 short sword (weapon)
Magical devices
 b - a wand of flame (15)
 c - a wand of enslavement (14)
 d - a wand of random effects (14)
Comestibles
 f - 2 bread rations
 k - a choko
Scrolls
 g - a scroll of teleportation {unknown}
 h - 3 scrolls of identify {unknown}
 l - 2 scrolls of enchant armour {unknown}
 n - a scroll of remove curse {unknown}
 o - 2 scrolls of enchant weapon I {unknown}
 q - a scroll of curse jewellery {unknown}
Jewellery
 m - an uncursed amulet of faith {unknown}
Potions
 e - 2 potions of flight
 p - a potion of invisibility


   Skills:
 - Level 1.0 Fighting
 - Level 1.0 Short Blades
 - Level 2.0 Dodging
 - Level 1.3 Stealth
 + Level 6.0 Evocations


You had 3 spell levels left.
You didn't know any spells.

Dungeon Overview and Level Annotations

Branches:
Dungeon (4/27)
 Temple: D:4-7

Altars:
Ashenzari

Annotations
D:4 Duvessa


Innate Abilities, Weirdness & Mutations

You cannot wear most types of armour.
You are amphibious.
You can wear up to eight rings at the same time.
You can use your tentacles to constrict many enemies at once.
Your skin changes colour to match your surroundings (Stlth).
Your rubbery body absorbs attacks (AC +1).


Message History

You feel better.
You constrict Duvessa, but do no damage.
Duvessa misses you.
You hit Duvessa.
Duvessa is severely wounded.
You constrict Duvessa. Duvessa closely misses you.
You hit Duvessa.
Duvessa is severely wounded.
You constrict Duvessa. Duvessa barely misses you.
You hit Duvessa but do no damage.
Duvessa is severely wounded.
You constrict Duvessa. Duvessa closely misses you.
You hit Duvessa but do no damage.
Duvessa is almost dead.
You constrict Duvessa. Duvessa hits you with an elven sabre!
* * * LOW HITPOINT WARNING * * *
You barely miss Duvessa.
Duvessa is almost dead.
You constrict Duvessa. Duvessa hits you with an elven sabre!
You die...

..........................
############..........##.#
############.............#
...ยง......e.............##
...##########'##'#......#
...# #.##.#......# ...#
#.##.#......# ...#
#.##e#......#
#############.##@#......#
..............##.#......#
################>#......
...# #.#..... ##.# #.#.. #
# #.# # #.# # #.# # #.#


You could see Duvessa.

Vanquished Creatures
  3 adders
  4 giant cockroaches
  A goblin (D:2)
  3 hobgoblins
  3 kobolds
  2 quokkas (D:2)
  4 bats
  2 giant geckos
  5 giant newts
  3 rats
30 creatures vanquished.

Vanquished Creatures (collateral kills)
  Dowan (D:4)
  An orc priest (D:4)
  2 orcs (D:4)
  A rat (D:4)
5 creatures vanquished.

Grand Total: 35 creatures vanquished

Notes
Turn   | Place    | Note
--------------------------------------------------------------
     0 | D:1      | M4edhros, the Octopode Artificer, began the quest for the Orb.
     0 | D:1      | Reached XP level 1. HP: 14/14 MP: 1/1
   209 | D:2      | Reached skill level 4 in Evocations
   209 | D:2      | Reached XP level 2. HP: 13/19 MP: 3/3
   900 | D:3      | Reached XP level 3. HP: 24/24 MP: 5/5
   954 | D:3      | Found a shattered altar of Ashenzari.
  1210 | D:3      | Reached skill level 5 in Evocations
  1441 | D:4      | Noticed Duvessa
  1441 | D:4      | Noticed Dowan
  1445 | D:4      | Reached XP level 4. HP: 29/29 MP: 7/7
  1464 | D:4      | Killed Dowan
  1467 | D:4      | Reached skill level 6 in Evocations
  1507 | D:4      | Mangled by Duvessa

Action                   |  1- 3 |  4- 6 || total
-------------------------+-------+-------++-------
Melee: Short sword       |    67 |     8 ||    75
Evoke: Wand              |     1 |     1 ||     2
  Use: Potion            |     4 |     2 ||     6
       Scroll            |       |     1 ||     1
 Stab: Sleeping          |     3 |       ||     3
